 Dungeon Crawl Stone Soup version 0.21.0-24-g2553a33 (webtiles) character file.

3172586 theanonym the Bringer of Law (level 27, 288/288 HPs)
             Began as a Minotaur Fighter on Jan 21, 2018.
             Was the Champion of Zin.
             Escaped with the Orb
             ... and 5 runes!
             The game lasted 03:51:15 (75266 turns).

theanonym the Bringer of Law (Minotaur Fighter)    Turns: 75266, Time: 03:51:15

Health: 288/288    AC: 35    Str: 41    XL:     27
Magic:  37/39      EV: 32    Int: 15    God:    Zin [******]
Gold:   2382       SH: 21    Dex: 30    Spells: 15/26 levels left

rFire    + + +     SeeInvis +   a - +9 broad axe (elec)
rCold    + + +     Gourm    .   D - +3 shield "Zyedgheri" {rC++ Str+2 SInv}
rNeg     + . .     Faith    .   m - +2 gold dragon scales {23 rF+ rC+ rPois}
rPois    ∞         Spirit   .   G - +0 hat of Perfidy {rF+ Int+2 Dex+3} (curse)
rElec    .         Reflect  .   B - scarf {rC+ rF+} {rF+ rC+}
rCorr    .         Harm     .   j - +2 pair of gloves
MR       ++++.                  W - +2 pair of boots {Stlth+}
Stlth    ..........             u - amulet of Vitality {Regen+ HP+15}
HPRegen  0.98/turn              J - ring of Orthodoxy {Wiz rPois rC- MR++ Dex+4}
MPRegen  0.26/turn              A - ring of Xom's Flight of Fancy {rN+ Int-3 Dex+2 Stlth+}

@: vitalised
A: retaliatory headbutt, horns 2
0: Orb of Zot
}: 5/15 runes: decaying, serpentine, slimy, silver, abyssal
a: Recite, Vitalisation, Imprison, Sanctuary, Donate Gold, Renounce Religion


Innate Abilities, Weirdness & Mutations

You reflexively headbutt those who attack you in melee.
You have a pair of horns on your head.


   Skills:
 O Level 27 Fighting
 O Level 27 Axes
 + Level 25.1 Armour
 + Level 25.0 Dodging
 - Level 15.0 Shields
 O Level 27 Invocations


You had 15 spell levels left.
You knew the following spells:

 Your Spells              Type           Power        Failure   Level  Hunger
e - Lesser Beckoning      Tloc           #.........   75%         3    ####...
g - Blink                 Tloc           N/A          52%         2    ###....
q - Apportation           Tloc           #.....       38%         1    ##.....
x - Aura of Abjuration    Summ           #.........   100%        5    ######.

Skill      XL: |  1  2  3  4  5  6  7  8  9 10 11 12 13 14 15 16 17 18 19 20 21 22 23 24 25 26 27 |
---------------+----------------------------------------------------------------------------------+-----
Axes           | 3 4 5 6 7 9 11 13 15 17 18 19 20 27 | 27.0
Fighting       | 4 5 6 7 9 10 12 13 14 16 17 18 19 20 21 23 24 25 27 | 27.0
Shields        | 4 8 11 12 14 15 | 15.0
Armour         | 4 8 11 12 14 16 17 18 20 21 22 23 24 25 | 25.1
Invocations    | 5 8 11 13 14 15 17 19 20 22 24 27 | 27.0
Dodging        | 4 5 6 8 9 11 14 15 16 18 20 25 | 25.0

Action                   |  1- 3 |  4- 6 |  7- 9 | 10-12 | 13-15 | 16-18 | 19-21 | 22-24 | 25-27 || total
-------------------------+-------+-------+-------+-------+-------+-------+-------+-------+-------++-------
Melee: War axe           |    66 |   199 |   101 |       |       |       |       |       |       ||   366
       Headbutt          |     9 |    32 |    77 |   129 |   209 |   346 |   300 |   542 |  1024 ||  2668
       Broad axe         |       |       |   255 |   588 |  1211 |  1342 |   877 |  1561 |  2862 ||  8696
Throw: Throwing net      |       |       |     4 |     7 |     6 |     4 |     2 |     3 |     3 ||    29
Invok: Vitalisation      |       |       |       |       |     9 |    18 |     9 |    19 |    33 ||    88
       Recite            |       |       |       |       |       |    18 |    31 |    68 |    83 ||   200
       Sanctuary         |       |       |       |       |       |       |       |     1 |     1 ||     2
Evoke: Wand              |       |       |       |     3 |     9 |    13 |     2 |     2 |    20 ||    49
       Lamp of fire      |       |       |       |       |       |       |       |     1 |     1 ||     2
       Fan of gales      |       |       |       |       |       |       |       |       |     1 ||     1
  Use: Scroll            |       |     9 |     6 |    11 |    13 |    15 |     1 |     9 |    40 ||   104
       Potion            |       |       |     5 |     4 |     6 |     5 |    11 |    14 |    22 ||    67
 Stab: Held in net/web   |       |       |       |     3 |     4 |     4 |     3 |     5 |     9 ||    28
       Invisible         |       |       |       |       |     5 |       |    16 |     8 |     3 ||    32
       Distracted        |       |       |       |       |     1 |       |       |       |     1 ||     2
       Paralysed         |       |       |       |       |     1 |     1 |     7 |    17 |    26 ||    52
       Confused          |       |       |       |       |       |    17 |    35 |    33 |   102 ||   187
  Eat: Chunk             |       |     5 |    12 |    12 |    13 |    11 |       |     6 |    11 ||    70
       Ration            |       |       |     2 |     4 |     9 |     8 |     7 |     9 |    15 ||    54
Armor: Scale mail        |    31 |     2 |       |       |       |       |       |       |       ||    33
       Chain mail        |       |   101 |   135 |       |       |       |       |       |       ||   236
       Fire dragon scale |       |       |    38 |       |       |       |       |       |       ||    38
       Plate armour      |       |       |    31 |   297 |   507 |   471 |   215 |   378 |       ||  1899
       Gold dragon scale |       |       |       |       |       |       |       |     6 |   832 ||   838
Dodge: Dodged            |    26 |    27 |    69 |    92 |   200 |   359 |   245 |   566 |  1485 ||  3069
Block: Shield            |    33 |    86 |   200 |   279 |   687 |   870 |   674 |  1211 |  2032 ||  6072
       Reflection        |       |       |       |       |       |    17 |   106 |    80 |    29 ||   232

Inventory:

Hand Weapons
 a - a +9 broad axe of electrocution (weapon)
   (You bought it in a shop on level 4 of the Dungeon)
 c - a +0 broad axe of freezing
   (You found it on level 3 of the Lair of Beasts)
Missiles
 H - a throwing net (quivered)
Armour
 j - a +2 pair of gloves (worn)
   (You found it on level 3 of the Vaults)
 m - +2 gold dragon scales (worn) {23 rF+ rC+ rPois}
   (You found it on level 4 of the Depths)
 B - a scarf of resistance (worn) {rF+ rC+}
   (You found it in an ice cave)
 D - the +3 shield "Zyedgheri" (worn) {rC++ Str+2 SInv}
   (You found it on level 3 of the Elven Halls)

   It affects your strength (+2).
   It greatly protects you from cold.
   It lets you see invisible.
 F - the +4 dragonskin cloak
   (You took it off Tiamat on level 3 of the Realm of Zot)
 G - the cursed +0 hat of Perfidy (worn) {rF+ Int+2 Dex+3}
   (You found it in an ice cave)

   It affects your intelligence (+2).
   It affects your dexterity (+3).
   It protects you from fire.
   It has a curse placed upon it.
 W - a +2 pair of boots of stealth (worn)
   (You acquired it on level 3 of the Depths)
Jewellery
 i - the ring "Mevibig" {rC+ SInv}
   (You found it on level 2 of the Lair of Beasts)

   [ring of see invisible]

   It protects you from cold.
   It lets you see invisible.
 u - the amulet of Vitality (around neck) {Regen+ HP+15}
   (You took it off a mummy priest on level 2 of the Crypt)

   [amulet of regeneration]

   It affects your health (+15).
   It increases your rate of regeneration.
 A - the ring of Xom's Flight of Fancy (right hand) {rN+ Int-3 Dex+2 Stlth+}
   (You found it on level 4 of the Swamp)

   [ring of positive energy]

   It affects your intelligence (-3).
   It affects your dexterity (+2).
   It protects you from negative energy.
   It makes you more stealthy.
 J - the ring of Orthodoxy (left hand) {Wiz rPois rC- MR++ Dex+4}
   (You found it on level 3 of the Elven Halls)

   [ring of wizardry]

   It improves your spell success rate.
   It affects your dexterity (+4).
   It makes you vulnerable to cold.
   It protects you from poison.
   It affects your resistance to hostile enchantments.
Wands
 d - a wand of digging (28)
   (You found it on level 14 of the Dungeon)
 v - a wand of acid (49)
   (You found it on level 6 of the Dungeon)
Scrolls
 b - 14 scrolls of blinking
 f - 10 scrolls of fog
 l - 2 scrolls of brand weapon
 r - 14 scrolls of identify
 s - 7 scrolls of fear
 t - 20 scrolls of teleportation {!r}
 y - 7 scrolls of magic mapping
 E - 37 scrolls of remove curse
 N - 4 scrolls of holy word
 P - 2 scrolls of enchant weapon
 Q - 3 scrolls of silence
 X - 3 scrolls of summoning
 Y - a scroll of immolation
Potions
 g - a potion of resistance {rF+ rC+}
 h - 4 potions of magic
 n - 3 potions of invisibility
 o - 6 potions of flight
 p - 3 potions of cancellation
 q - 14 potions of heal wounds
 w - 32 potions of curing
 z - 4 potions of agility
 K - 4 potions of berserk rage
 L - 5 potions of haste
 M - 3 potions of mutation
 O - 6 potions of ambrosia
 S - 4 potions of might
 U - 7 potions of brilliance
Miscellaneous
 k - a lamp of fire
   (You found it on level 3 of the Crypt)
 x - a fan of gales
   (You bought it in a shop in a bazaar)
 C - a phantom mirror
Comestibles
 e - 70 rations You escaped. You worshipped Zin. Zin was exalted by your worship. You were not hungry. You visited 12 branches of the dungeon, and saw 58 of its levels. You visited the Abyss 2 times. You visited 2 bazaars. You also visited: Ossuary, Ice Cave and Wizlab. You collected 10549 gold pieces. You spent 7726 gold pieces at shops. You donated 441 gold pieces to Zin.

Dungeon Overview and Level Annotations

Branches:
Dungeon (15/15)            Temple (1/1) D:4            Lair (6/6) D:11
  Swamp (4/4) Lair:3        Snake (4/4) Lair:3        Slime (5/5) Lair:5
    Orc (2/2) D:10            Elf (3/3) Orc:2        Vaults (5/5) D:13
  Crypt (3/3) Vaults:2       Tomb (0/3) Crypt:3      Depths (5/5) D:15
    Zot (5/5) Depths:5

Altars:
Ashenzari
Cheibriados
Dithmenos
Elyvilon
Fedhas
Gozag
Hepliaklqana
Kikubaaqudgha
Makhleb
Nemelex Xobeh
Okawaru
Qazlal
Ru
Sif Muna
Trog
Uskayaw
Vehumet
Wu Jian
Xom
Yredelemnul
Zin
The Shining One
Beogh
Jiyva
Lugonu

Shops:
D:4 !%((?   D:7 (   D:10 !(   Orc:2 !%!(   Elf:2 [   Snake:1 }}=(   Snake:2 %
Vaults:5 }%!??%!!!   Depths:3 *[!

Portals:
Hell: Depths:1 Depths:2 Depths:3 Depths:4 Depths:5
Abyss: Depths:3 Depths:4 Depths:5
Pandemonium: Depths:3
Ziggurat: Depths:5

....##......#
.#####.###########
.# #.#.........#
># #...#####.8.#
## #.#.#≈≈≈#...#
#.#.#≈≈≈#.#.#
#.#.#≈≈≈#.#.#
#.#.#####.#.#
#.#.......#@#
#.#.#####.#.#
#.#.#≈≈;#.#.#
#.#.#≈≈≈#.#.#
#.#.#;≈≈#.(.#
#...#####.8.#
###.........#
###########


There were no monsters in sight!

Notes
Turn   | Place    | Note
-------+----------+-------------------------------------------
     0 | D:1      | theanonym the Minotaur Fighter began the quest for the Orb.
     0 | D:1      | Reached XP level 1. HP: 19/19 MP: 0/0
     4 | D:1      | Noticed an electric eel
     4 | D:1      | Noticed an electric eel
   152 | D:1      | Reached skill level 3 in Axes
   165 | D:1      | Reached XP level 2. HP: 27/27 MP: 1/1
   266 | D:1      | Found a glowing golden altar of the Shining One.
   274 | D:1      | Reached skill level 4 in Fighting
   497 | D:2      | Reached XP level 3. HP: 30/33 MP: 2/2
   548 | D:2      | Reached skill level 4 in Axes
   622 | D:2      | Reached XP level 4. HP: 29/41 MP: 3/3
   811 | D:2      | Found a shadowy altar of Dithmenos.
   981 | D:2      | Reached skill level 5 in Axes
   987 | D:2      | Reached skill level 5 in Fighting
   987 | D:2      | Reached XP level 5. HP: 45/48 MP: 4/4
  1261 | D:2      | Found a runed door.
  1265 | D:2      | Noticed Crazy Yiuf
  1274 | D:2      | Killed Crazy Yiuf
  1333 | D:3      | Noticed Plasmagod's ghost (weakling DrTm)
  1356 | D:3      | Killed Plasmagod's ghost
  1356 | D:3      | Reached skill level 6 in Axes
  1364 | D:3      | HP: 17/48 [iguana (8)]
  1648 | D:3      | Reached XP level 6. HP: 52/56 MP: 5/5
  1864 | D:3      | Found a shimmering altar of Xom.
  1865 | D:3      | Found a hazy altar of Hepliaklqana.
  1865 | D:3      | Noticed a yak
  1866 | D:3      | Noticed a spectral ugly thing
  1866 | D:3      | Noticed a yak
  1872 | D:3      | Found a blossoming altar of Fedhas.
  2092 | D:4      | Found Jeruruf's Distillery.
  2100 | D:4      | Bought a potion of agility for 40 gold pieces
  2100 | D:4      | Bought 2 potions of heal wounds for 100 gold pieces
  2100 | D:4      | Bought a potion of agility for 40 gold pieces
  2210 | D:4      | Noticed imganon's ghost (amateur DsBe)
  2220 | D:4      | Killed imganon's ghost
  2220 | D:4      | Reached skill level 7 in Axes
  2236 | D:4      | Found a sand-covered staircase.
  2256 | D:4      | Reached skill level 6 in Fighting
  2304 | D:4      | Found Fipa's Antique Weapon Shop.
  2317 | Ossuary  | Entered an ossuary
  2375 | Ossuary  | Reached XP level 7. HP: 58/63 MP: 6/6
  2481 | Ossuary  | Reached skill level 8 in Axes
  2578 | D:4      | Found Kesyvercho's Antique Weapon Emporium.
  2667 | D:4      | Found Anannud's Food Boutique.
  2763 | D:4      | Found a sparkling altar of Nemelex Xobeh.
  2787 | D:4      | Found a staircase to the Ecumenical Temple.
  2830 | D:4      | Found Veud's Magic Scroll Shoppe.
  2847 | D:4      | Reached skill level 7 in Fighting
  2847 | D:4      | Reached skill level 9 in Axes
  2885 | D:4      | Bought a broad axe for 96 gold pieces
  3095 | D:4      | Reached XP level 8. HP: 68/73 MP: 7/7
  3123 | D:3      | Found a white marble altar of Elyvilon.
  3476 | D:4      | Learned a level 2 spell: Blink
  3515 | D:5      | Entered Level 5 of the Dungeon
  3534 | D:5      | HP: 36/73 [orc/trident (4)]
  3539 | D:4      | HP: 30/73 [poisoned by an adder]
  3740 | D:5      | Found a sparkling altar of Nemelex Xobeh.
  3740 | D:5      | Found a radiant altar of Vehumet.
  3742 | D:5      | Noticed Dowan
  3752 | D:5      | Noticed Duvessa
  3761 | D:5      | Killed Dowan
  3762 | D:5      | Killed Duvessa
  3762 | D:5      | Reached skill level 10 in Axes
  3778 | D:5      | Found an ornate altar of the Wu Jian Council.
  3779 | D:5      | Found a shadowy altar of Dithmenos.
  3795 | D:5      | Found a shattered altar of Ashenzari.
  3798 | D:5      | Found a stormy altar of Qazlal.
  3809 | D:5      | Found a bloodstained altar of Trog.
  3809 | D:5      | Found a white marble altar of Elyvilon.
  3957 | D:5      | Reached skill level 8 in Fighting
  4259 | D:6      | Noticed Exporg's ghost (novice DEFE)
  4267 | D:6      | HP: 37/75 [Exporg's ghost (3)]
  4274 | D:6      | Killed Exporg's ghost
  4274 | D:6      | Reached skill level 11 in Axes
  4350 | D:6      | Found a glowing golden altar of the Shining One.
  4352 | D:6      | Noticed an angel
  4398 | D:6      | Reached skill level 9 in Fighting
  4398 | D:6      | Reached XP level 9. HP: 79/83 MP: 8/8
  4745 | D:6      | Reached skill level 12 in Axes
  5161 | D:6      | Found a basalt altar of Yredelemnul.
  5163 | D:6      | Noticed a profane servitor
  5243 | D:7      | Found Lavy's Weapon Emporium.
  5494 | D:7      | Reached skill level 10 in Fighting
  5494 | D:7      | Reached skill level 13 in Axes
  5650 | D:7      | Found a deep blue altar of Sif Muna.
  5696 | D:7      | HP: 40/85 [water moccasin (4)]
  5701 | D:7      | HP: 35/85 [gnoll/stone (1)]
  6005 | D:7      | Noticed Grum
  6013 | D:7      | HP: 43/86 [shadow imp/nerve-wracking pain (3)]
  6023 | D:7      | Killed Grum
  6279 | D:7      | Reached XP level 10. HP: 94/94 MP: 9/9
  6957 | D:8      | Reached skill level 14 in Axes
  7253 | D:8      | Identified Sif Muna's Almanac of Feathers and Confrontation
  7398 | D:8      | Found a shattered altar of Ashenzari.
  7417 | D:8      | Noticed a two-headed ogre
  7423 | D:8      | Killed a two-headed ogre
  7423 | D:8      | Reached skill level 11 in Fighting
  7472 | D:8      | Noticed a two-headed ogre
  7479 | D:8      | Killed a two-headed ogre
  7599 | D:4      | Bought a runed broad axe for 154 gold pieces
  7750 | D:8      | Reached skill level 15 in Axes
  8072 | D:8      | Found an ancient bone altar of Kikubaaqudgha.
  8282 | D:9      | Noticed a two-headed ogre
  8288 | D:9      | Killed a two-headed ogre
  8288 | D:9      | Reached skill level 12 in Fighting
  8288 | D:9      | Reached XP level 11. HP: 76/104 MP: 10/10
  8320 | D:9      | Found a blossoming altar of Fedhas.
  8424 | D:9      | Found a snail-covered altar of Cheibriados.
  8559 | D:9      | Reached skill level 16 in Axes
  8892 | D:9      | Learned a level 3 spell: Regeneration
  8903 | D:10     | Entered Level 10 of the Dungeon
  8908 | D:10     | Noticed a two-headed ogre
  8913 | D:10     | Killed a two-headed ogre
  9097 | D:10     | Noticed a brown ugly thing
  9105 | D:10     | Killed a brown ugly thing
  9185 | D:10     | Found a huge runed gate.
  9185 | D:10     | Found a huge runed gate.
  9185 | D:10     | Found a huge runed gate.
  9185 | D:10     | Found a huge runed gate.
  9185 | D:10     | Noticed a death yak
  9192 | D:10     | Found a deep blue altar of Sif Muna.
  9216 | D:10     | Found Meapn's Distillery.
  9237 | D:10     | Bought a potion of lignification for 36 gold pieces
  9313 | D:10     | theanonym: ??glaive
  9313 | D:10     | beem: glaive[1/1]: (polearms; -3 acc / 15 dam / 1.7 base delay / 0.7 min delay; two handed). A pole with a large, heavy blade on one end. Glaives chop hydra heads.
  9416 | D:10     | Found Bueqad's Antique Weapon Shop.
  9433 | D:10     | Found a roughly hewn altar of Beogh.
  9577 | D:10     | Noticed a two-headed ogre
  9582 | D:10     | Killed a two-headed ogre
  9582 | D:10     | Reached skill level 13 in Fighting
  9582 | D:10     | Reached skill level 17 in Axes
  9637 | D:10     | Found a staircase to the Orcish Mines.
  9982 | Orc:1    | Entered Level 1 of the Orcish Mines
  9988 | Orc:1    | Found a roughly hewn altar of Beogh.
 10119 | D:11     | Reached skill level 4 in Shields
 10132 | D:11     | Reached skill level 4 in Armour
 10304 | D:11     | Noticed Psyche
 10314 | D:11     | Killed Psyche
 10321 | D:11     | Noticed a skeletal warrior
 10322 | D:11     | Noticed a death knight
 10604 | D:11     | HP: 42/107 [death knight/glaive (16)]
 10610 | D:11     | Killed a death knight
 10836 | D:11     | Reached XP level 12. HP: 113/115 MP: 11/11
 10862 | D:11     | Reached skill level 5 in Armour
 10862 | D:11     | Reached skill level 5 in Shields
 10989 | D:11     | Found a staircase to the Lair.
 11052 | D:11     | Noticed a two-headed ogre
 11057 | D:11     | Killed a two-headed ogre
 11574 | D:10     | Bought a potion of haste for 120 gold pieces
 11574 | D:10     | Bought a potion of agility for 48 gold pieces
 11574 | D:10     | Bought a potion of agility for 48 gold pieces
 11574 | D:10     | Bought a potion of invisibility for 96 gold pieces
 11574 | D:10     | Bought a potion of invisibility for 96 gold pieces
 11804 | D:12     | Reached skill level 18 in Axes
 11804 | D:12     | Reached skill level 6 in Shields
 11811 | D:12     | Reached skill level 6 in Armour
 12676 | D:13     | Reached skill level 14 in Fighting
 12706 | D:13     | Reached skill level 7 in Armour
 12706 | D:13     | Reached skill level 7 in Shields
 12778 | D:13     | Identified the Incunabulum of Mutagenic Beguiling
 13391 | D:13     | Noticed an ettin
 13395 | D:13     | Killed an ettin
 13400 | D:13     | Reached skill level 8 in Armour
 13400 | D:13     | Reached skill level 8 in Shields
 13416 | D:13     | HP: 59/118 [poison (poison gas)]
 13421 | D:13     | HP: 54/118 [poison (poison gas)]
 13426 | D:13     | HP: 52/118 [poison (poison gas)]
 13431 | D:13     | HP: 51/118 [poison (poison gas)]
 13437 | D:13     | HP: 51/118 [poison (poison gas)]
 13886 | D:13     | Found a gate to the Vaults.
 14212 | D:14     | Reached XP level 13. HP: 116/125 MP: 12/12
 14339 | D:14     | Found a white marble altar of Elyvilon.
 14511 | D:14     | Noticed Frances
 14523 | D:14     | HP: 71/187 [Frances/iron shot (40)]
 14525 | D:14     | Killed Frances
 14525 | D:14     | Reached skill level 9 in Armour
 14525 | D:14     | Reached skill level 9 in Shields
 14542 | D:14     | HP: 50/125 [troll (4)]
 15013 | D:15     | Entered Level 15 of the Dungeon
 15145 | D:15     | Reached skill level 15 in Fighting
 15336 | D:15     | HP: 63/126 [phantasmal warrior[a death knight] (16)]
 15348 | D:15     | HP: 58/126 [freezing wraith[a death knight] (9)]
 15350 | D:15     | HP: 27/126 [freezing wraith[a death knight] (19)]
 15351 | D:15     | HP: 10/126 [freezing wraith[a death knight] (16)]
 15763 | D:15     | Found a huge runed gate.
 15763 | D:15     | Found a huge runed gate.
 15763 | D:15     | Found a huge runed gate.
 15767 | D:15     | Found a huge runed gate.
 15772 | D:15     | Found a huge runed gate.
 15772 | D:15     | Found a huge runed gate.
 15772 | D:15     | Found a huge runed gate.
 15772 | D:15     | Found a huge runed gate.
 15772 | D:15     | Found a huge runed gate.
 15776 | D:15     | Found a huge runed gate.
 15776 | D:15     | Found a huge runed gate.
 15776 | D:15     | Found a huge runed gate.
 15776 | D:15     | Found a huge runed gate.
 15776 | D:15     | Found a huge runed gate.
 15776 | D:15     | Found a huge runed gate.
 15776 | D:15     | Found a huge runed gate.
 15781 | D:15     | Found a huge runed gate.
 15787 | D:15     | Found a huge runed gate.
 15859 | D:15     | Found a huge runed gate.
 15859 | D:15     | Found a huge runed gate.
 15957 | D:15     | Paralysed by an orc sorcerer for 3 turns
 15989 | D:15     | Found a staircase to the Depths.
 15991 | D:15     | Reached skill level 10 in Armour
 15991 | D:15     | Reached skill level 10 in Shields
 16268 | D:15     | Paralysed by an orc sorcerer for 5 turns
 16331 | D:15     | HP: 59/128 [??? (56)]
 16562 | D:15     | Found a huge runed gate.
 16562 | D:15     | Found a huge runed gate.
 17031 | Lair:1   | Entered Level 1 of the Lair of Beasts
 17213 | Lair:1   | Reached skill level 11 in Armour
 17215 | Lair:1   | Reached skill level 11 in Shields
 17386 | Lair:3   | Found a staircase to the Swamp.
 17392 | Lair:3   | Found a shattered altar of Ashenzari.
 17478 | Lair:4   | Reached skill level 16 in Fighting
 17495 | Lair:5   | Reached XP level 14. HP: 137/137 MP: 13/13
 17669 | Lair:5   | Found a staircase to the Slime Pits.
 17693 | Slime:1  | Entered Level 1 of the Pits of Slime
 17821 | Lair:6   | Entered Level 6 of the Lair of Beasts
 17840 | Slime:1  | Noticed an acid blob
 17857 | Slime:1  | Noticed an acid blob
 18181 | Temple   | Entered the Ecumenical Temple
 18206 | Temple   | Became a worshipper of Zin the Law-Giver
 18206 | Temple   | Reached * piety under Zin
 18206 | Temple   | Reached ** piety under Zin
 18954 | Lair:2   | Reached skill level 1 in Invocations
 19018 | Lair:2   | Got a clouded lapis lazuli ring
 19033 | Lair:2   | Identified the ring "Mevibig" {rC+ SInv} (You found it on level 2 of the Lair of Beasts)
 19268 | Lair:2   | Reached skill level 2 in Invocations
 19554 | Lair:3   | Reached *** piety under Zin
 19764 | Lair:3   | Identified a scroll of acquirement
 19765 | Lair:3   | Got an ichor-stained plate armour {18}
 19789 | Lair:3   | Identified the +1 plate armour "Gynla" {*Slow +Blink Int+6, 18} (You acquired it on level 3 of the Lair of Beasts)
 19928 | Lair:3   | Found a staircase to the Snake Pit.
 20018 | Lair:4   | Reached skill level 3 in Invocations
 20314 | D:4      | Bought a scroll of acquirement for 572 gold pieces
 20770 | Lair:4   | Noticed Sonja
 20840 | Lair:4   | Reached skill level 12 in Armour
 20915 | Lair:4   | HP: 68/138 [ten-headed hydra (8)]
 20916 | Lair:4   | Reached skill level 12 in Shields
 20916 | Lair:4   | Reached skill level 4 in Invocations
 21201 | Lair:4   | HP: 61/138 [meliai/divine providence (11)]
 21209 | Lair:4   | HP: 58/138 [lindwurm (5)]
 21514 | Lair:4   | Reached skill level 5 in Invocations
 21734 | Lair:4   | HP: 66/138 [acid (5)]
 22023 | Lair:4   | Learned a level 5 spell: Aura of Abjuration
 22027 | Lair:4   | Reached **** piety under Zin
 22373 | Lair:4   | Killed Sonja
 22671 | Lair:5   | Reached skill level 17 in Fighting
 23388 | Lair:5   | HP: 69/140 [12-headed hydra (8)]
 23634 | Lair:6   | Reached XP level 15. HP: 147/147 MP: 17/17
 23657 | Lair:6   | Reached skill level 13 in Armour
 23728 | Lair:6   | Reached skill level 13 in Shields
 24596 | Lair:6   | Reached skill level 1 in Dodging
 25101 | Orc:2    | Entered Level 2 of the Orcish Mines
 25273 | Orc:1    | Reached skill level 14 in Armour
 25279 | Orc:1    | Reached skill level 2 in Dodging
 25301 | Orc:1    | Reached skill level 14 in Shields
 25532 | Orc:1    | Reached ***** piety under Zin
 25868 | Orc:2    | Found Sool's Distillery.
 25883 | Orc:2    | Bought a potion of haste for 140 gold pieces
 25883 | Orc:2    | Bought a potion of might for 56 gold pieces
 25883 | Orc:2    | Bought a potion of heal wounds for 70 gold pieces
 25895 | Orc:2    | Found Ydwatuj's Food Shoppe.
 25918 | Orc:2    | Found a roughly hewn altar of Beogh.
 26016 | Orc:2    | Reached skill level 18 in Fighting
 26016 | Orc:2    | Reached skill level 3 in Dodging
 26233 | Orc:2    | Noticed Rupert
 26235 | Orc:2    | Paralysed by Rupert for 2 turns
 26243 | Orc:2    | Killed Rupert
 26352 | Orc:2    | Noticed an orc warlord
 26371 | Orc:2    | Killed an orc warlord
 26445 | Orc:2    | Found Ytywn's Distillery.
 26456 | Orc:2    | Reached skill level 4 in Dodging
 26485 | Orc:2    | Found a roughly hewn altar of Beogh.
 26499 | Orc:2    | Found Oliteceg's Weapon Shoppe.
 27040 | Orc:2    | HP: 72/149 [orc priest/divine providence (17)]
 27350 | Orc:2    | Found a staircase to the Elven Halls.
 27353 | Orc:2    | Reached XP level 16. HP: 157/157 MP: 18/18
 27624 | Orc:2    | Bought a potion of haste for 100 gold pieces
 27624 | Orc:2    | Bought a potion of might for 40 gold pieces
 27828 | Snake:1  | Entered Level 1 of the Snake Pit
 27848 | Snake:1  | Found a frozen archway.
 27854 | Snake:1  | HP: 72/157 [ice dragon/blast of cold (41)]
 27868 | Snake:1  | HP: 76/157 [naga sharpshooter/bolt (1)]
 27873 | Snake:1  | HP: 59/157 [naga sharpshooter/arrow (17)]
 27878 | Snake:1  | HP: 46/157 [naga sharpshooter/bolt (13)]
 28144 | IceCv    | Entered an ice cave
 28222 | IceCv    | Reached skill level 5 in Dodging
 28361 | IceCv    | Got an ancient hat
 28362 | IceCv    | Identified the cursed +0 hat of Perfidy {rF+ Int+2 Dex+3} (You found it in an ice cave)
 29027 | Snake:1  | Found Giowk's Antique Weapon Boutique.
 29045 | Snake:1  | Reached skill level 15 in Armour
 29052 | Snake:1  | Reached skill level 15 in Shields
 29366 | Snake:1  | HP: 70/159 [naga sharpshooter/uncursed mace of distortion (24)]
 29758 | Snake:1  | Reached skill level 6 in Invocations
 30026 | Snake:1  | Found Maloqeas's Jewellery Boutique.
 30026 | Snake:1  | Found Jeac Tuo's Gadget Emporium.
 30027 | Snake:1  | Found Nusedo Othrul's Gadget Emporium.
 30562 | Snake:2  | Reached skill level 7 in Invocations
 30886 | D:10     | Reached skill level 19 in Fighting
 31138 | Snake:2  | Noticed Suckerboh's ghost (adept KoAs)
 31161 | Snake:2  | Killed Suckerboh's ghost
 31202 | Snake:2  | Found Vekk's Food Shop.
 31807 | Snake:3  | Reached skill level 8 in Invocations
 31817 | Snake:3  | Noticed Aizul
 31838 | Snake:3  | Killed Aizul
 32277 | Snake:3  | Reached skill level 16 in Armour
 32277 | Snake:3  | Reached XP level 17. HP: 124/168 MP: 11/22
 32286 | Snake:3  | Reached skill level 9 in Invocations
 32620 | Snake:4  | Entered Level 4 of the Snake Pit
 33178 | Snake:4  | Reached skill level 10 in Invocations
 33279 | Snake:4  | Noticed xight's ghost (adept DEFE)
 33294 | Snake:4  | Killed xight's ghost
 33475 | Snake:4  | Noticed Vashnia
 33534 | Snake:4  | Killed Vashnia
 33721 | Snake:4  | Reached skill level 11 in Invocations
 34017 | Snake:4  | Reached ****** piety under Zin
 34378 | Snake:4  | Reached skill level 20 in Fighting
 34528 | Snake:4  | Reached skill level 17 in Armour
 34588 | Snake:4  | Reached skill level 6 in Dodging
 34656 | Snake:4  | Got a serpentine rune of Zot
 34851 | Swamp:1  | Entered Level 1 of the Swamp
 35040 | Swamp:1  | Reached XP level 18. HP: 169/178 MP: 25/25
 35114 | Swamp:1  | Reached skill level 12 in Invocations
 35552 | Swamp:2  | Paralysed by a hornet for 2 turns
 35892 | Swamp:2  | Noticed Kirke
 35948 | Swamp:2  | Killed Kirke
 36085 | Swamp:2  | Reached skill level 7 in Dodging
 36271 | Swamp:2  | Noticed Donald
 36281 | Swamp:2  | Killed Donald
 37098 | Swamp:4  | Entered Level 4 of the Swamp
 37139 | Swamp:4  | Got a brightly glowing brass ring
 37144 | Swamp:4  | Identified the ring of Xom's Flight of Fancy {rN+ Int-3 Dex+2 Stlth+} (You found it on level 4 of the Swamp)
 37150 | Swamp:4  | Noticed Nikola
 37164 | Swamp:4  | Killed Nikola
 37194 | Swamp:4  | Reached skill level 13 in Invocations
 37716 | Swamp:4  | Got a decaying rune of Zot
 37817 | Swamp:4  | Reached skill level 8 in Dodging
 37824 | Swamp:4  | HP: 90/180 [15-headed hydra (5)]
 38725 | Vaults:1 | Entered Level 1 of the Vaults
 38802 | Vaults:1 | HP: 82/180 [yaktaur/bolt[a vault warden] (13)]
 38809 | Vaults:1 | HP: 55/180 [vault warden/enchanted great sword (22)]
 38817 | Vaults:1 | HP: 46/180 [deep elf archer/arrow (12)]
 39230 | Vaults:1 | Reached skill level 18 in Armour
 39281 | Vaults:1 | Found a flickering gateway to a bazaar.
 39290 | Bazaar   | Entered a bazaar
 39292 | Bazaar   | Found Puema's Gadget Boutique.
 39297 | Bazaar   | Found Itausexe's Distillery.
 39311 | Bazaar   | Found Syilec's General Store.
 39314 | Bazaar   | Bought a scroll of identify for 38 gold pieces
 39332 | Bazaar   | Found Egynaw's Antique Weapon Shop.
 39360 | Bazaar   | Bought a potion of berserk rage for 40 gold pieces
 39360 | Bazaar   | Bought a potion of agility for 32 gold pieces
 39360 | Bazaar   | Bought a potion of agility for 32 gold pieces
 39360 | Bazaar   | Bought a potion of invisibility for 64 gold pieces
 39360 | Bazaar   | Bought a potion of invisibility for 64 gold pieces
 39452 | Vaults:1 | Reached XP level 19. HP: 182/187 MP: 28/28
 39547 | Vaults:1 | Reached skill level 14 in Invocations
 39825 | Vaults:1 | Reached skill level 9 in Dodging
 40519 | Vaults:2 | Found a magical portal.
 40551 | WizLab   | Entered Wucad Mu's Monastery
 40591 | WizLab   | HP: 93/188 [grey draconian monk[old memories] (13)]
 40599 | WizLab   | HP: 86/188 [grey draconian monk[old memories] (10)]
 40606 | WizLab   | HP: 81/188 [monstrous demonspawn[old memories] (8)]
 40648 | WizLab   | Found the +9 staff of Wucad Mu {channel}
 40654 | WizLab   | HP: 89/188 [deep troll[the Statue of Wucad Mu] (5)]
 40660 | WizLab   | HP: 86/188 [grey draconian monk[old memories] (5)]
 40665 | WizLab   | HP: 64/188 [grey draconian monk[old memories] (10)]
 40707 | WizLab   | Reached XP level 20. HP: 80/195 MP: 28/30
 41259 | Vaults:2 | Reached skill level 15 in Invocations
 41274 | Vaults:2 | Reached skill level 21 in Fighting
 41290 | Vaults:2 | HP: 85/198 [??? (54)]
 41579 | Vaults:2 | Found a staircase to the Crypt.
 41881 | Vaults:2 | Reached skill level 10 in Dodging
 41965 | Vaults:2 | Reached skill level 19 in Armour
 42614 | Vaults:3 | HP: 145/297 [yaktaur[a yaktaur captain] (8)]
 42620 | Vaults:3 | HP: 127/297 [orc knight/great sword[a boggart] (20)]
 42623 | Vaults:3 | HP: 61/198 [yaktaur captain (6)]
 42626 | Vaults:3 | HP: 29/198 [orc knight/enchanted bardiche (14)]
 42629 | Vaults:3 | Reached skill level 11 in Dodging
 43159 | Vaults:3 | Reached skill level 20 in Armour
 43837 | Vaults:3 | Reached XP level 21. HP: 153/206 MP: 31/31
 44379 | Vaults:4 | Reached skill level 22 in Fighting
 44394 | Vaults:4 | Reached skill level 12 in Dodging
 45080 | Vaults:4 | Reached skill level 13 in Dodging
 45869 | D:15     | HP: 96/210 [war gargoyle/spray of metal splinters (26)]
 45895 | D:15     | Reached skill level 23 in Fighting
 45905 | D:15     | HP: 100/211 [tengu reaver/enchanted great sword (8)]
 45911 | D:15     | Reached skill level 14 in Dodging
 45916 | D:15     | HP: 93/211 [storm dragon/bolt of lightning (11)]
 46231 | Crypt:1  | Entered Level 1 of the Crypt
 46241 | Crypt:1  | Noticed Jorgrun
 46253 | Crypt:1  | Killed Jorgrun
 46710 | Crypt:1  | Reached XP level 22. HP: 205/220 MP: 32/32
 47265 | Crypt:2  | Reached skill level 15 in Dodging
 47621 | Crypt:2  | Paralysed by a sphinx for 5 turns
 48085 | Crypt:2  | Noticed a greater mummy
 48144 | Crypt:2  | Killed a greater mummy
 48144 | Crypt:2  | Reached skill level 24 in Fighting
 48228 | Crypt:2  | Noticed Khufu
 48249 | Crypt:2  | Killed Khufu
 48249 | Crypt:2  | HP: 76/216 [torment (48)]
 48249 | Crypt:2  | Reached skill level 16 in Invocations
 49000 | Crypt:2  | HP: 85/238 [??? (54)]
 49530 | Crypt:3  | Entered Level 3 of the Crypt
 49606 | Crypt:3  | HP: 119/239 [??? (77)]
 49607 | Crypt:3  | Found a basalt altar of Yredelemnul.
 49611 | Crypt:3  | HP: 94/239 [skeletal warrior/glaive (4)]
 49618 | Crypt:3  | Paralysed by a vampire knight for 3 turns
 49619 | Crypt:3  | HP: 81/239 [iron dragon zombie (11)]
 49631 | Crypt:3  | HP: 32/239 [vampire knight/glaive (21)]
 49654 | Crypt:3  | HP: 49/239 [vampire knight/battleaxe (5)]
 49669 | Crypt:3  | Paralysed by a vampire knight for 6 turns
 49671 | Crypt:3  | HP: 38/239 [vampire knight/long sword (19)]
 49673 | Crypt:3  | HP: 16/239 [vampire knight/long sword (17)]
 49675 | Crypt:3  | Zin protects you from harm!
 49707 | Crypt:2  | Iwannabefree: как это деб вайпнулся
 49761 | Crypt:2  | theanonym: Опять
 49761 | Crypt:2  | Iwannabefree: !log wazuzu
 49761 | Crypt:2  | beem: 1207. wazuzu, XL26 HOFi, T:46636: http://crawl.xtahua.com/crawl/morgue/wazuzu/morgue-wazuzu-20180121-172009.txt
 49900 | Crypt:2  | theanonym: Зато за 3 часа почти прошёл
 49902 | Crypt:3  | Iwannabefree: You could see a shadow dragon (berserk), a tentacled monstrosity, a purple draconian monk (berserk), a golden dragon (berserk), 3 draconians, a green draconian, a purple draconian (berserk), a red draconian (berserk), a white draconian shifter, a quicksilver dragon (berserk), a red draconian annihilator and a moth of wrath.
 49956 | Crypt:3  | HP: 109/239 [ghoul (15)]
 50200 | Crypt:3  | Found a staircase to the Tomb.
 50281 | Crypt:3  | Reached skill level 17 in Invocations
 50560 | Crypt:3  | Reached skill level 21 in Armour
 50591 | Crypt:3  | Reached XP level 23. HP: 232/232 MP: 34/34
 50595 | Crypt:3  | Reached skill level 25 in Fighting
 50642 | Crypt:3  | HP: 99/249 [flayed ghost/flay_damage[a vampire mage] (37)]
 51330 | Depths:1 | Entered Level 1 of the Depths
 51344 | Depths:1 | Found a gateway to Hell.
 51361 | Depths:1 | Found the +7 Spriggan's Knife {MR+ EV+4 Dex+4 Stlth+}
 51399 | Depths:1 | Reached skill level 22 in Armour
 52176 | Depths:2 | Reached skill level 18 in Invocations
 52680 | Depths:2 | Reached skill level 16 in Dodging
 54335 | Depths:3 | Reached skill level 19 in Invocations
 54497 | Depths:3 | Reached XP level 24. HP: 238/242 MP: 35/35
 54499 | Depths:3 | Reached skill level 17 in Dodging
 55246 | Depths:3 | Found Xogililo's Slaves and Accessories.
 55292 | Depths:3 | Found Bizythil's Miraculous Elixirs.
 55329 | Depths:3 | Found Jack's Jerk-a-riffic Jerky.
 55343 | Depths:3 | Bought a ration for 60 gold pieces
 55343 | Depths:3 | Bought a ration for 60 gold pieces
 55343 | Depths:3 | Bought a ration for 60 gold pieces
 55343 | Depths:3 | Bought a ration for 60 gold pieces
 55343 | Depths:3 | Bought a ration for 60 gold pieces
 55343 | Depths:3 | Bought a ration for 60 gold pieces
 55343 | Depths:3 | Bought a ration for 60 gold pieces
 55343 | Depths:3 | Bought a ration for 60 gold pieces
 55343 | Depths:3 | Bought a ration for 60 gold pieces
 55343 | Depths:3 | Bought a ration for 60 gold pieces
 55419 | Depths:3 | Found The Legendary Wadyenk's Legendary Smithy.
 55478 | Depths:3 | Found a one-way gate to the infinite horrors of the Abyss.
 55643 | Depths:3 | Found a one-way gate leading to the halls of Pandemonium.
 55690 | Depths:4 | Noticed Margery
 55712 | Depths:4 | Killed Margery
 55736 | Depths:4 | Reached skill level 18 in Dodging
 56165 | Depths:4 | Reached skill level 20 in Invocations
 56170 | Depths:4 | HP: 119/257 [deep troll (14)]
 56615 | Depths:4 | Noticed the Enchantress
 56635 | Depths:4 | Killed the Enchantress
 56955 | Depths:5 | Entered Level 5 of the Depths
 56986 | Depths:5 | HP: 111/257 [storm dragon/bolt of lightning (32)]
 56991 | Depths:5 | HP: 74/257 [spriggan air mage/the air (18)]
 57221 | Depths:5 | Reached skill level 19 in Axes
 57423 | Depths:5 | Reached XP level 25. HP: 220/249 MP: 36/36
 57662 | Depths:5 | Reached skill level 19 in Dodging
 57716 | Depths:5 | Found a gateway to a ziggurat.
 57945 | Depths:5 | Found a gate to the Realm of Zot.
 58728 | Orc:2    | Bought a potion of haste for 140 gold pieces
 58728 | Orc:2    | Bought a potion of might for 56 gold pieces
 58728 | Orc:2    | Bought a potion of ambrosia for 112 gold pieces
 58728 | Orc:2    | Bought a potion of curing for 42 gold pieces
 58970 | D:4      | Bought a potion of curing for 30 gold pieces
 58970 | D:4      | Bought a potion of curing for 30 gold pieces
 58970 | D:4      | Bought a potion of ambrosia for 80 gold pieces
 58970 | D:4      | Bought 2 potions of curing for 60 gold pieces
 58970 | D:4      | Bought a potion of ambrosia for 80 gold pieces
 58970 | D:4      | Bought 2 potions of resistance for 200 gold pieces
 58970 | D:4      | Bought a potion of haste for 100 gold pieces
 59027 | D:4      | Bought a scroll of teleportation for 33 gold pieces
 59027 | D:4      | Bought a scroll of teleportation for 33 gold pieces
 59027 | D:4      | Bought a scroll of blinking for 82 gold pieces
 59256 | Elf:1    | Entered Level 1 of the Elven Halls
 59268 | Elf:1    | Got a warped silver ring
 59269 | Elf:1    | Identified the ring "Miopusah" {+Fly Dex+2} (You acquired it on level 1 of the Elven Halls)
 59808 | Elf:1    | Identified the Handbook of Dark Rites
 59864 | Elf:2    | Reached skill level 21 in Invocations
 59931 | Elf:2    | Found a runed gate.
 59931 | Elf:2    | Found a runed gate.
 59931 | Elf:2    | Found a runed gate.
 60101 | Elf:2    | Found Sodepog's Antique Armour Shop.
 60180 | Elf:2    | Reached skill level 23 in Armour
 60502 | Elf:2    | Noticed Saint Roka
 60521 | Elf:2    | HP: 124/264 [Saint Roka/divine providence (12)]
 60530 | Elf:2    | Killed Saint Roka
 61054 | Elf:3    | Entered Level 3 of the Elven Halls
 61079 | Elf:3    | Found a flickering gateway to a bazaar.
 61090 | Bazaar   | Entered a bazaar
 61103 | Bazaar   | Found Duiwna's Magic Scroll Shoppe.
 61103 | Bazaar   | Found Xixiceac's Assorted Antiques.
 61109 | Bazaar   | Bought a scroll of summoning for 85 gold pieces
 61109 | Bazaar   | Bought a scroll of fear for 31 gold pieces
 61121 | Bazaar   | Bought a potion of might for 108 gold pieces
 61121 | Bazaar   | Bought a twisted golden ring for 135 gold pieces
 61121 | Bazaar   | Bought a scroll of enchant armour for 202 gold pieces
 61121 | Bazaar   | Bought a runed cloak for 202 gold pieces
 61163 | Bazaar   | Found Godic's Jewellery Emporium.
 61163 | Bazaar   | Found Humowk's General Store.
 61181 | Bazaar   | Bought a fan of gales for 360 gold pieces
 61454 | Elf:3    | Learned a level 1 spell: Apportation
 61458 | Elf:3    | Learned a level 3 spell: Lesser Beckoning
 61955 | Elf:3    | Reached skill level 20 in Dodging
 62034 | Elf:3    | HP: 131/264 [earth elemental[a deep elf elementalist] (12)]
 62047 | Elf:3    | HP: 129/264 [deep elf annihilator/exploding inner flame[the player character] (2)]
 62053 | Elf:3    | HP: 131/264 [deep elf elementalist/fireball (4)]
 62241 | Elf:3    | Got a wavering bone ring
 62364 | Elf:3    | Identified the ring of Joogejou {rCorr rPois rF- Dex+2} (You took it off a deep elf demonologist on level 3 of the Elven Halls)
 62365 | Elf:3    | Identified the +3 shield "Zyedgheri" {rC++ Str+2 SInv} (You found it on level 3 of the Elven Halls)
 62396 | Elf:3    | Got a faintly glowing silver ring
 62397 | Elf:3    | Identified Sif Muna's Incunabulum of Transformation and the Escort
 62402 | Elf:3    | Identified the ring of Orthodoxy {Wiz rPois rC- MR++ Dex+4} (You found it on level 3 of the Elven Halls)
 62835 | Vaults:5 | Entered Level 5 of the Vaults
 62841 | Vaults:5 | Reached skill level 22 in Invocations
 62842 | Vaults:5 | Reached XP level 26. HP: 237/258 MP: 36/37
 62908 | Vaults:5 | Noticed an ancient lich
 62926 | Vaults:5 | Noticed Daviar's ghost (veteran TeBe)
 62939 | Vaults:4 | Killed an ancient lich
 63042 | Vaults:5 | Killed Daviar's ghost
 63063 | Vaults:5 | Reached skill level 24 in Armour
 63149 | Vaults:5 | Reached skill level 23 in Invocations
 63157 | Vaults:5 | HP: 129/273 [deep elf annihilator/bolt of lightning (13)]
 63317 | Vaults:5 | Noticed an ancient lich
 63336 | Vaults:5 | Killed an ancient lich
 63517 | Vaults:5 | Reached skill level 20 in Axes
 63565 | Vaults:5 | Got a pair of fine gloves
 63566 | Vaults:5 | Identified the +1 pair of gloves of the Thistle {*Corrode Dex+6} (You found it on level 5 of the Vaults)
 63576 | Vaults:5 | Identified the Volume of Creative Darkness
 63643 | Vaults:5 | Found Tuwaex's Gadget Shoppe.
 63851 | Vaults:5 | Identified the Reference Book on the Warped Birds
 63946 | Vaults:5 | Found Nefits's Magic Scroll Shoppe.
 63950 | Vaults:5 | Bought a scroll of blinking for 120 gold pieces
 63950 | Vaults:5 | Bought a scroll of acquirement for 832 gold pieces
 63951 | Vaults:5 | Identified the ring of Peorr {Str+4 Stlth+} (You acquired it on level 5 of the Vaults)
 63952 | Vaults:5 | Bought a scroll of enchant weapon for 120 gold pieces
 63970 | Vaults:5 | Found Gaagap's Distillery.
 63970 | Vaults:5 | Found Ruhanub's Food Shoppe.
 63974 | Vaults:5 | Bought a potion of heal wounds for 100 gold pieces
 63974 | Vaults:5 | Bought a potion of resistance for 200 gold pieces
 63980 | Vaults:5 | Found Nidaqusa's Magic Scroll Boutique.
 63984 | Vaults:5 | Noticed a juggernaut
 63984 | Vaults:5 | a titan changed into a juggernaut
 63990 | Vaults:5 | a juggernaut changed into a shard shrike
 64028 | Vaults:5 | Bought a scroll of magic mapping for 70 gold pieces
 64028 | Vaults:5 | Bought a scroll of magic mapping for 70 gold pieces
 64028 | Vaults:5 | Bought a scroll of enchant weapon for 150 gold pieces
 64028 | Vaults:5 | Bought a scroll of magic mapping for 70 gold pieces
 64041 | Vaults:5 | Found Riec Bofia's Food Emporium.
 64041 | Vaults:5 | Found Weleple's Distillery.
 64052 | Vaults:5 | Bought 2 potions of heal wounds for 210 gold pieces
 64052 | Vaults:5 | Bought a potion of heal wounds for 105 gold pieces
 64052 | Vaults:5 | Bought a potion of heal wounds for 105 gold pieces
 64052 | Vaults:5 | Bought a potion of berserk rage for 105 gold pieces
 64066 | Vaults:5 | Reached skill level 24 in Invocations
 64206 | Vaults:5 | Cast into level 4 of the Abyss (deep elf death mage)
 64405 | Abyss:4  | Reached XP level 27. HP: 147/266 MP: 38/38
 64411 | Abyss:4  | HP: 130/281 [raiju/living lightning (17)]
 64993 | Abyss:4  | Reached skill level 25 in Invocations
 65316 | Abyss:4  | Noticed an ancient lich
 65318 | Abyss:4  | HP: 127/281 [??? (101)]
 65323 | Abyss:4  | HP: 115/281 [starcursed mass (8)]
 65328 | Abyss:4  | HP: 72/281 [ancient lich/crystal spear (38)]
 65331 | Abyss:4  | Noticed an ancient lich
 65331 | Abyss:4  | Killed an ancient lich
 65707 | Abyss:4  | Reached skill level 26 in Invocations
 65766 | Abyss:4  | Paralysed by accursed screaming for 2 turns
 65777 | Abyss:4  | HP: 138/281 [starcursed mass/accursed screaming (10)]
 65784 | Abyss:4  | HP: 112/281 [hell knight/demon trident of flaming (14)]
 65796 | Abyss:4  | HP: 118/281 [blizzard demon] (3)]
 65801 | Abyss:4  | HP: 115/281 [freezing wraith (8)]
 65802 | Vaults:5 | Escaped the Abyss
 65807 | Vaults:5 | HP: 104/281 [blizzard demon/the air (2)]
 66177 | Vaults:5 | Found Exezunk's Distillery.
 66177 | Vaults:5 | Found Pugif's Distillery.
 66181 | Vaults:5 | Bought a potion of berserk rage for 110 gold pieces
 66181 | Vaults:5 | Bought a potion of resistance for 220 gold pieces
 66188 | Vaults:5 | Bought a potion of ambrosia for 96 gold pieces
 66188 | Vaults:5 | Bought a potion of heal wounds for 60 gold pieces
 66188 | Vaults:5 | Bought a potion of heal wounds for 60 gold pieces
 66195 | Vaults:5 | Got a silver rune of Zot
 66510 | Zot:1    | Entered Level 1 of the Realm of Zot
 66669 | Zot:1    | Noticed an ancient lich
 66677 | Zot:1    | HP: 140/281 [???[an ancient lich] (111)]
 66699 | Zot:1    | HP: 96/281 [storm dragon/bolt of lightning (3)]
 66707 | Zot:1    | HP: 96/281 [storm dragon (6)]
 66736 | Zot:1    | HP: 99/281 [tentacled monstrosity (3)]
 66740 | Zot:1    | Reached skill level 27 in Invocations
 67045 | Zot:1    | Noticed an orb of fire
 67059 | Zot:1    | Killed an ancient lich
 67061 | Zot:1    | Killed an orb of fire
 67956 | Zot:2    | Reached skill level 21 in Axes
 68473 | Zot:2    | Reached skill level 21 in Dodging
 68477 | Zot:2    | HP: 134/283 [golden dragon (10)]
 68485 | Zot:2    | HP: 108/283 [electric golem/bolt of lightning (32)]
 68496 | Zot:2    | HP: 113/283 [green draconian monk (3)]
 68503 | Zot:2    | Reached skill level 26 in Fighting
 68506 | Zot:2    | HP: 103/284 [acid (14)]
 68525 | Zot:2    | HP: 97/284 [black draconian/bolt of lightning (22)]
 69526 | Zot:3    | Reached skill level 22 in Axes
 69794 | Zot:3    | Noticed Tiamat
 69820 | Zot:3    | Killed Tiamat
 69908 | Zot:3    | Reached skill level 22 in Dodging
 70253 | Zot:3    | Reached skill level 27 in Fighting
 70687 | Zot:4    | Reached skill level 23 in Axes
 71238 | Zot:5    | Entered Level 5 of the Realm of Zot
 71640 | Zot:5    | Reached skill level 23 in Dodging
 72359 | Slime:2  | Reached skill level 24 in Axes
 72488 | Slime:4  | HP: 143/288 [acid (5)]
 72494 | Slime:4  | HP: 137/288 [acid (1)]
 72676 | Slime:5  | Entered Level 5 of the Pits of Slime
 72711 | Slime:5  | Found the +0 mace of Variability {chaos}
 72714 | Slime:5  | Found a viscous altar of Jiyva.
 72714 | Slime:5  | Noticed the Royal Jelly
 72727 | Slime:5  | Killed the Royal Jelly
 72729 | Slime:5  | HP: 144/288 [acid[the Royal Jelly] (2)]
 72734 | Slime:5  | HP: 104/288 [acid (3)]
 72741 | Slime:5  | HP: 98/288 [great orb of eyes/exploding inner flame[the player character] (1)]
 72754 | Slime:5  | Got a slimy rune of Zot
 72778 | Slime:5  | Identified the amulet of Pirhof {Regen+ Int+3} (You found it on level 5 of the Pits of Slime)
 72822 | Slime:5  | Identified the Papyrus of Protection and Stolen Souls
 73294 | Depths:3 | Voluntarily entered the Abyss.
 73324 | Abyss:2  | Found a shadowy altar of Dithmenos.
 73420 | Abyss:3  | Got an abyssal rune of Zot
 73423 | Depths:3 | Escaped the Abyss
 73650 | Zot:5    | Reached skill level 24 in Dodging
 73679 | Zot:5    | Reached skill level 25 in Axes
 73718 | Zot:5    | HP: 142/288 [black draconian knight/war axe (14)]
 73726 | Zot:5    | HP: 144/288 [electric golem/bolt of lightning (5)]
 73848 | Zot:5    | Noticed an ancient lich
 73861 | Zot:5    | Killed an ancient lich
 73950 | Zot:5    | Noticed an orb of fire
 73966 | Zot:5    | Killed an orb of fire
 73966 | Zot:5    | Reached skill level 26 in Axes
 73980 | Zot:5    | Noticed an ancient lich
 73986 | Zot:5    | Killed an ancient lich
 74075 | Zot:5    | Noticed an orb of fire
 74090 | Zot:5    | Reached skill level 27 in Axes
 74091 | Zot:5    | Noticed an ancient lich
 74094 | Zot:5    | Noticed an ancient lich
 74095 | Zot:5    | Killed an orb of fire
 74101 | Zot:5    | Killed an ancient lich
 74107 | Zot:5    | Killed an ancient lich
 74124 | Zot:5    | Noticed an ancient lich
 74135 | Zot:5    | Killed an ancient lich
 74543 | Zot:5    | Got the Orb of Zot
 74547 | Zot:5    | Noticed an ancient lich
 74561 | Zot:5    | Killed an ancient lich
 74759 | Depths:1 | Noticed Xeijepn the pandemonium lord
 74775 | Depths:1 | Killed Xeijepn the pandemonium lord
 74775 | Depths:1 | Reached skill level 25 in Armour
 74885 | D:12     | Noticed Iclim the pandemonium lord
 74896 | D:12     | Killed Iclim the pandemonium lord
 74924 | D:11     | Noticed Voamn the pandemonium lord
 75181 | D:4      | Reached skill level 25 in Dodging
 75266 | D:$      | Escaped with the Orb!

Vanquished Creatures
  the Royal Jelly (Slime:5)
  2 pandemonium lords
  Khufu (Crypt:2)
  Tiamat (Zot:3)
  3 orbs of fire
  10 ancient liches
  A greater mummy (Crypt:2)
  Saint Roka (Elf:2)
  Vashnia (Snake:4)
  Margery (Depths:4)
  A shard shrike (shapeshifter) (Vaults:5)
  3 Killer Klowns
  3 curse toes
  4 caustic shrikes
  5 golden dragons
  the Enchantress (Depths:4)
  Nikola (Swamp:4)
  The ghost of Daviar the Hoplite, a veteran TeBe of Trog (Vaults:5)
  6 electric golems
  3 bone dragons (Abyss:4)
  22 tentacled monstrosities
  3 liches
  Rupert (Orc:2)
  Jorgrun (Crypt:1)
  10 quicksilver dragons
  29 Orb Guardians
  A deep elf master archer (Elf:3)
  2 deep elf blademasters (Elf:3)
  8 death cobs
  14 acid blobs
  6 titans
  8 tentacled starspawn (Abyss:4)
  8 sphinxes
  Frances (D:14)
  3 ancient champions
  6 shadow dragons
  8 tengu reavers
  3 thorn hunters
  Donald (Swamp:2)
  8 draconian monks
  4 nagarajas (Snake:4)
  Kirke (Swamp:2)
  25 storm dragons
  A daeva (Abyss:4)
  A revenant (Crypt:1)
  18 azure jellies
  17 vault wardens
  11 draconian knights
  The ghost of xight the Eclecticist, an adept DEFE of Vehumet (Snake:4)
  10 draconian scorchers
  5 ghost moths
  An iron dragon (Vaults:5)
  7 fire giants
  8 deep elf sorcerers
  17 frost giants
  2 curse skulls
  11 draconian shifters
  The ghost of Suckerboh the Imperceptible, an adept KoAs of Nemelex Xobeh (Snake:2)
  3 orc warlords
  An angel (Abyss:4)
  8 deep elf elementalists
  6 draconian stormcallers
  18 ghouls
  Aizul (Snake:3)
  An emperor scorpion (Abyss:4)
  3 war gargoyles
  5 spriggan defenders (Depths:4)
  15 draconian annihilators
  22 very ugly things
  16 ironheart preservers
  20 stone giants
  22 starcursed masses (Abyss:4)
  14 green draconians
  5 deep elf demonologists
  19 vampire knights
  16 black draconians
  20 red draconians
  26 yellow draconians
  15 deep elf annihilators
  A spark wasp (Depths:4)
  18 white draconians
  14 purple draconians
  An orange crystal statue (WizLab)
  4 blizzard demons
  3 mummy priests (Crypt:2)
  An eidolon (Crypt:1)
  24 ettins
  9 deep elf death magi
  A minotaur (shapeshifter) (Vaults:5)
  19 jiangshi
  16 fire dragons
  A quicksilver dragon zombie (Crypt:1)
  4 death oozes
  5 deep elf high priests
  A merfolk impaler (Depths:1)
  8 ogre magi
  17 great orbs of eyes
  7 rakshasas
  25 yaktaur captains
  10 ice dragons
  15 naga warriors
  A hell beast (D:14)
  33 vault guards
  7 spriggan air magi
  7 centaur warriors
  17 hydras
  7 alligators
  13 anacondas
  37 two-headed ogres
  24 dancing weapons
  4 death yaks
  11 deep troll earth magi
  13 deep troll shamans
  8 death knights
  2 death scarabs (Abyss:4)
  18 vampire magi
  A titan zombie (Crypt:3)
  7 spriggan berserkers
  4 orc high priests (Orc:2)
  29 thrashing horrors (Abyss:4)
  20 naga sharpshooters
  4 soul eaters
  7 tengu warriors
  9 hell knights
  A storm dragon zombie (Vaults:2)
  Sonja (Lair:4)
  16 deep elf knights
  5 shock serpents
  7 wretched stars (Abyss:4)
  A fire crab (shapeshifter) (Vaults:3)
  35 skeletal warriors
  4 shadow wraiths
  10 iron trolls
  A sun demon (Abyss:4)
  2 sixfirhies
  2 salamander mystics
  2 golden dragon zombies (Crypt:3)
  A quicksilver dragon simulacrum (Crypt:3)
  A swamp dragon (shapeshifter) (D:13)
  2 spatial maelstroms (Abyss:4)
  9 sea snakes (Snake:4)
  3 unseen horrors
  48 deep trolls
  2 unseen horrors (shapeshifter)
  6 swamp dragons
  2 spriggan druids
  5 glowing orange brains
  3 naga ritualists
  6 wizards
  A flayed ghost (Crypt:2)
  22 deep elf archers
  22 phantasmal warriors
  18 ironbrand convokers
  A shambling mangrove (Swamp:2)
  4 lindwurms
  15 orc knights
  A sphinx zombie (Vaults:5)
  3 wolf spider zombies
  12 necromancers
  5 wolf spiders
  A tengu skeleton (Depths:4)
  9 mana vipers
  36 ugly things
  62 deep elf magi
  8 oklob plants
  An iron dragon zombie (Crypt:3)
  2 stone giant zombies
  3 worldbinders (Abyss:4)
  6 shining eyes
  A shining eye (shapeshifter) (Vaults:4)
  4 manticores
  8 orc sorcerers
  13 cyclopes
  3 salamanders (shapeshifter)
  15 salamanders
  A fire giant skeleton (Crypt:1)
  The ghost of Exporg the Firebug, a novice DEFE (D:6)
  An elephant (shapeshifter) (Vaults:5)
  22 moths of wrath
  2 ice statues (IceCv)
  A spriggan zombie (Depths:4)
  An iron dragon skeleton (Crypt:1)
  A dire elephant zombie (Crypt:3)
  17 naga magi
  2 rust devils
  2 elephants (Lair:4)
  A frost giant skeleton (Vaults:2)
  Psyche (D:11)
  9 guardian serpents
  34 black mambas
  16 vault sentinels
  An eye of devastation (Lair:5)
  2 orc skeletons
  2 apocalypse crabs (Abyss:4)
  4 orange demons
  3 smoke demons (Abyss:4)
  An eye of devastation (shapeshifter) (Abyss:4)
  15 spiny frogs
  4 gargoyles
  5 spectral swamp worms (Depths:2)
  3 rime drakes
  A death yak zombie (Crypt:2)
  An efreet (Abyss:4)
  88 yaktaurs
  12 freezing wraiths
  14 ice devils (IceCv)
  A catoblepas zombie (Crypt:3)
  An elf (Depths:3)
  2 emperor scorpion zombies (Crypt:3)
  2 tormentors
  9 komodo dragons
  A hellwing (Depths:3)
  3 demonic crawlers (Abyss:4)
  4 ancient zymes (Abyss:4)
  8 guardian mummies
  3 tengu conjurers
  2 trolls (shapeshifter)
  A queen bee (Lair:4)
  A merfolk (shapeshifter) (Vaults:5)
  2 harpy zombies
  3 meliai (Lair:4)
  9 trolls
  9 polar bears
  24 hornets
  A tengu simulacrum (Vaults:3)
  An iron dragon simulacrum (Crypt:3)
  6 tyrant leeches
  77 slime creatures
  10 bog bodies
  An ettin zombie (Crypt:1)
  18 blink frogs
  A hippogriff (shapeshifter) (Vaults:3)
  2 fire giant simulacra
  9 dream sheep
  11 raiju
  A black mamba zombie (Crypt:1)
  4 flying skulls (Crypt:2)
  17 hippogriffs
  17 wraiths
  A satyr skeleton (Crypt:3)
  4 water elementals
  14 air elementals
  46 yaks
  A redback (shapeshifter) (Vaults:2)
  27 spriggans
  3 hogs
  3 wyverns
  2 elf zombies
  6 shadows
  4 vampires
  2 fire bats (Abyss:4)
  34 large abominations
  2 ynoxinuls (Abyss:4)
  A fire elemental (Elf:1)
  A dire elephant simulacrum (Crypt:1)
  Grum (D:7)
  4 basilisks
  5 neqoxecs (Abyss:4)
  A hog (shapeshifter) (Abyss:4)
  A human (shapeshifter) (Vaults:4)
  22 vampire mosquitoes
  9 golden eyes
  14 chaos spawn
  A hungry ghost (D:7)
  2 humans (Depths:3)
  4 spatial vortices (Abyss:4)
  An infernal demonspawn zombie (Crypt:3)
  58 nagas
  An emperor scorpion simulacrum (Crypt:3)
  A naga (shapeshifter) (Abyss:4)
  A merfolk zombie (Crypt:1)
  27 swamp worms
  A two-headed ogre zombie (Crypt:1)
  10 wargs
  Duvessa (D:5)
  4 acid dragons
  A soldier ant (D:15)
  17 water moccasins
  A merfolk skeleton (Crypt:2)
  8 porcupines
  A gelid demonspawn skeleton (Crypt:2)
  4 sky beasts
  A black bear (shapeshifter) (Abyss:4)
  12 black bears
  7 eyes of draining
  9 swamp drakes
  68 orc warriors
  An ice beast (D:10)
  27 ogres
  A hornet zombie (D:15)
  An ogre (shapeshifter) (Abyss:4)
  4 phantoms
  A tengu (shapeshifter) (Abyss:4)
  14 boggarts
  63 wolves
  The ghost of imganon the Poker, an amateur DsBe of Trog (D:4)
  16 necrophages
  21 small abominations (Abyss:4)
  23 centaurs
  2 human skeletons
  14 crocodiles
  5 big kobolds
  4 earth elementals
  11 bullfrogs
  An ogre simulacrum (Vaults:2)
  2 glowing shapeshifter simulacra
  A deep troll simulacrum (Vaults:5)
  2 gnoll sergeants (D:7)
  A wyvern zombie (Crypt:1)
  3 wyvern skeletons
  Dowan (D:5)
  5 scorpions
  A queen bee zombie (Crypt:1)
  55 killer bees
  2 vampire bats (D:8)
  A killer bee (shapeshifter) (Abyss:4)
  2 spectral wolves (Depths:3)
  The ghost of Plasmagod the Ruffian, a weakling DrTm (D:3)
  A howler monkey (shapeshifter) (Abyss:4)
  8 wights
  3 electric eels (Lair:4)
  7 howler monkeys
  A yak skeleton (Crypt:1)
  4 crimson imps
  3 human simulacra
  3 quasits
  A bullfrog zombie (D:11)
  3 centaur skeletons
  5 centaur zombies
  34 orc priests
  Crazy Yiuf (D:2)
  A hound (shapeshifter) (Abyss:4)
  20 orc wizards
  3 gnoll shamans
  2 bullfrog skeletons
  17 hounds
  A human zombie (Ossuary)
  3 iguanas
  8 hell rats
  20 worker ants
  A porcupine skeleton (Crypt:2)
  An acid dragon skeleton (Crypt:2)
  A big kobold zombie (Ossuary)
  3 hound zombies (Ossuary)
  A hound skeleton (D:4)
  3 mummies (Ossuary)
  17 adders
  36 gnolls
  2 howler monkey skeletons
  A scorpion zombie (Crypt:2)
  An adder (shapeshifter) (Abyss:4)
  2 river rats (Lair:4)
  5 shadow imps
  4 white imps
  9 ufetubi
  4 adder zombies (Ossuary)
  An iguana zombie (Crypt:3)
  An ooze (shapeshifter) (Abyss:4)
  A lava snake skeleton (Crypt:2)
  16 worms
  A barachi zombie (Crypt:3)
  2 dart slugs
  5 leopard geckos
  157 orcs
  3 bat skeletons (D:8)
  4 bat zombies
  7 giant cockroaches
  A giant cockroach (shapeshifter) (Vaults:3)
  5 goblins
  6 hobgoblins
  A jackal (shapeshifter) (Abyss:4)
  21 jackals
  42 kobolds
  4 quokkas (D:3)
  A quokka (shapeshifter) (Abyss:4)
  A ball python (Snake:4)
  A ball python zombie (Crypt:1)
  3 bats
  6 frilled lizards
  2 giant cockroach zombies
  2 goblin zombies
  A hobgoblin zombie (Ossuary)
  7 jackal zombies (Ossuary)
  5 kobold zombies
  3 leopard gecko skeletons
  A quokka skeleton (D:9)
  5 quokka zombies (Ossuary)
  13 rats
  3 rat zombies (Ossuary)
  5 briar patches (Swamp:4)
  3 fungi (D:11)
  12 pillars of salt
  12 plants
  11 starspawn tentacles (Abyss:4)
3408 creatures vanquished.

Vanquished Creatures (collateral kills)
  An ironheart preserver (Vaults:3)
  A deep elf high priest (Vaults:5)
  A yaktaur (Vaults:5)
  2 hornets (Depths:4)
5 creatures vanquished.

Vanquished Creatures (others)
  A deep elf master archer (Elf:3)
  2 fire giants
  A frost giant (Depths:3)
  A stone giant (Vaults:2)
  3 yaktaur captains
  A spriggan air mage (Depths:2)
  3 two-headed ogres (Vaults:1)
  An ogre mage (Vaults:1)
  A hell hog (Abyss:4)
  A vampire mage (Depths:1)
  A large abomination (Abyss:4)
  An orc knight (Vaults:3)
  A moth of wrath (Zot:5)
  A cyclops (Depths:3)
  11 yaktaurs
  A human (Swamp:2)
  An ogre (Vaults:1)
  A centaur (Depths:1)
  4 white imps (IceCv)
  3 ufetubi (IceCv)
  A ball lightning (Zot:5)
  An orc (Vaults:1)
  20 fungi
  2 lurking horrors (Abyss:4)
  43 pillars of salt
  13 plants
  13 starspawn tentacles
133 creatures vanquished.

Grand Total: 3546 creatures vanquished

Table legend:
 A = Turns spent in this place as a percentage of turns spent in the entire game.
 B = Non-inter-level travel turns spent in this place as a percentage of non-inter-level travel turns spent in the entire game.
 C = Inter-level travel turns spent in this place as a percentage of turns spent in this place.
 D = Turns resting spent in this place as a percentage of non-inter-level travel turns spent in this place.
 E = Turns spent auto-exploring this place as a percentage of non-inter-level travel turns spent in this place.
 F = Non-inter-level travel turns spent in this place divided by the number of levels of this place that you've seen.
                   A       B       C       D       E      F
               +-------+-------+-------+-------+-------+----------------------
         Total | 100.0 | 100.0 |  11.2 |  23.1 |  49.9 | 997.6
       Dungeon |  26.9 |  24.8 |  18.3 |  24.5 |  57.3 | 1103.5
        Temple |   0.1 |   0.0 |  43.2 |   0.0 |  68.0 |  25.0
          Lair |  10.5 |  10.1 |  14.7 |  23.6 |  56.0 | 1128.3
         Swamp |   5.0 |   5.3 |   6.3 |  22.4 |  54.1 | 882.0
     Snake Pit |   7.5 |   8.0 |   4.8 |  28.1 |  46.5 | 1336.0
    Slime Pits |   1.0 |   1.0 |   8.8 |  40.3 |   0.6 | 137.6
  Orcish Mines |   3.9 |   3.8 |  13.1 |  33.1 |  43.6 | 1264.5
   Elven Halls |   4.3 |   4.5 |   6.6 |  11.3 |  59.2 | 1012.3
        Vaults |  11.0 |  11.6 |   6.7 |  22.0 |  48.9 | 1544.2
         Crypt |   6.8 |   7.3 |   5.4 |  32.4 |  40.1 | 1618.7
        Depths |   9.6 |   9.4 |  13.6 |  15.0 |  52.1 | 1254.2
           Zot |   8.8 |   9.1 |   8.1 |  17.8 |  49.5 | 1215.6
         Abyss |   2.3 |   2.6 |   0.0 |   5.8 |  23.2 | 431.2
        Bazaar |   0.2 |   0.3 |   0.0 |   0.0 |  62.2 |  94.0
       Ossuary |   0.3 |   0.4 |   0.0 |   0.0 |  44.9 | 247.0
      Ice Cave |   1.1 |   1.3 |   0.0 |  57.7 |   8.1 | 854.0
        Wizlab |   0.6 |   0.6 |   0.0 |  38.2 |  23.5 | 429.0
               +-------+-------+-------+-------+-------+----------------------
